| TOP OF THE 1ST |
|
Biloxi Shuckers batting - Pitching for Tennessee Smokies : RHP Mark Duffy
|
|
Pitching: RHP Mark Duffy
|
|
|
Batting: RHB Nick Cummings
|
0-0: Fly out, F8 (Line Drive, 8LD, EV 90.0 MPH)
|
|
Batting: SHB Mike Williams
|
0-0: Called Strike 0-1: Swinging Strike 0-2: Foul Ball, location: 2F 0-2: Ball 1-2: Foul Ball, location: 2F 1-2: Foul Ball, location: 2F 1-2: Ball 2-2: Foul Ball, location: 2F 2-2: Ball 3-2: Foul Ball, location: 2F 3-2: Ground out U3 (Groundball, 3, EV 79.4 MPH)
|
|
Batting: LHB Rick Campbell
|
0-0: Fly out, F9 (Flyball, 89D, EV 78.8 MPH)
|
| Top of the 1st over - 0 runs, 0 hits, 0 errors, 0 left on base; Biloxi 0 - Tennessee 0 |
| BOTTOM OF THE 1ST |
|
Tennessee Smokies batting - Pitching for Biloxi Shuckers : RHP Mark Hincks
|
|
Pitching: RHP Mark Hincks
|
|
|
Batting: RHB Khalil Stephens
|
0-0: Ball 1-0: Swinging Strike 1-1: Ball 2-1: Ball 3-1: Foul Ball, location: 2F 3-2: Foul Ball, location: 2F 3-2: Foul Ball, location: 2F 3-2: Strikes out looking
|
|
Batting: RHB Sam Sours
|
0-0: Foul Ball, location: 2F 0-1: Ball 1-1: Called Strike 1-2: Foul Ball, location: 2F 1-2: Strikes out swinging
|
|
Batting: RHB Brad Santanello
|
0-0: Ground out 6-3 (Groundball, 6, EV 98.8 MPH)
|
| Bottom of the 1st over - 0 runs, 0 hits, 0 errors, 0 left on base; Biloxi 0 - Tennessee 0 |
| TOP OF THE 2ND |
|
Biloxi Shuckers batting - Pitching for Tennessee Smokies : RHP Mark Duffy
|
|
Batting: SHB Orlando Torres
|
0-0: Called Strike 0-1: Ground out U3 (Groundball, 3, EV 91.9 MPH)
|
|
Batting: LHB Pablo Cardona
|
0-0: Ball 1-0: Ball 2-0: Swinging Strike 2-1: Swinging Strike 2-2: Strikes out swinging
|
|
Batting: RHB Ben Taylor
|
0-0: Ball 1-0: Ground out 6-3 (Groundball, 6, EV 98.1 MPH)
|
| Top of the 2nd over - 0 runs, 0 hits, 0 errors, 0 left on base; Biloxi 0 - Tennessee 0 |
| BOTTOM OF THE 2ND |
|
Tennessee Smokies batting - Pitching for Biloxi Shuckers : RHP Mark Hincks
|
|
Batting: LHB Angel Oropeza
|
0-0: Called Strike 0-1: Ball 1-1: Ball 2-1: Ball 3-1: Base on Balls
|
|
Batting: RHB Armando Vilano
|
0-0: Foul Ball, location: 2F 0-1: DOUBLE (Flyball, 8LXD, EV 102.5 MPH) Angel Oropeza to third
|
|
Batting: RHB Tim Long
|
0-0: Ball 1-0: Foul Ball, location: 2F 1-1: Ground out 5-3 (Groundball, 56D, EV 81.2 MPH) Angel Oropeza scores
|
|
Batting: RHB David Barnard
|
0-0: Called Strike 0-1: Called Strike 0-2: Foul Ball, location: 2F 0-2: Fly out, F8 (Flyball, 8RM, EV 96.2 MPH)
|
|
Batting: RHB Sung-hwan Jung
|
0-0: Called Strike 0-1: Ball 1-1: Swinging Strike 1-2: Ground out 5-3 (Groundball, 5L, EV 105.0 MPH)
|
| Bottom of the 2nd over - 1 run, 1 hit, 0 errors, 1 left on base; Biloxi 0 - Tennessee 1 |
| TOP OF THE 3RD |
|
Biloxi Shuckers batting - Pitching for Tennessee Smokies : RHP Mark Duffy
|
|
Batting: RHB Hector Silva
|
0-0: Called Strike 0-1: Swinging Strike 0-2: Foul Ball, location: 2F 0-2: Fly out, F9 (Flyball, 9S, EV 88.8 MPH)
|
|
Batting: RHB Brian Landrum
|
0-0: Swinging Strike 0-1: Foul Ball, location: 2F 0-2: Ground out 6-3 (Groundball, 6, EV 86.9 MPH)
|
|
Batting: RHB Cameron Rattenbury
|
0-0: Ball 1-0: Swinging Strike 1-1: Swinging Strike 1-2: Strikes out swinging
|
| Top of the 3rd over - 0 runs, 0 hits, 0 errors, 0 left on base; Biloxi 0 - Tennessee 1 |
| BOTTOM OF THE 3RD |
|
Tennessee Smokies batting - Pitching for Biloxi Shuckers : RHP Mark Hincks
|
|
Batting: RHB Alvaro Romero
|
0-0: Called Strike 0-1: Ball 1-1: Ball 2-1: Ball 3-1: Foul Ball, location: 2F 3-2: Base on Balls
|
|
Batting: RHB Khalil Stephens
|
0-0: Foul Ball, location: 2F 0-1: Ball 1-1: Ball 2-1: Called Strike 2-2: Ball 3-2: Base on Balls Alvaro Romero to second
|
|
Batting: RHB Sam Sours
|
0-0: Called Strike 0-1: Foul Ball, location: 2F 0-2: SINGLE (Groundball, 6M, EV 96.9 MPH) (infield hit) Alvaro Romero to third Khalil Stephens to second
|
|
Batting: RHB Brad Santanello
|
0-0: Ball 1-0: Ball 2-0: Called Strike 2-1: Called Strike 2-2: Foul Ball, location: 2F 2-2: Strikes out swinging
|
|
Batting: LHB Angel Oropeza
|
0-0: Called Strike 0-1: Grounds into double play, 3-6-1 (Groundball, 3, EV 102.5 MPH)
|
| Bottom of the 3rd over - 0 runs, 1 hit, 0 errors, 2 left on base; Biloxi 0 - Tennessee 1 |
| TOP OF THE 4TH |
|
Biloxi Shuckers batting - Pitching for Tennessee Smokies : RHP Mark Duffy
|
|
Batting: RHB Nick Cummings
|
0-0: Called Strike 0-1: Foul Ball, location: 2F 0-2: Ball 1-2: Foul Ball, location: 2F 1-2: Ball 2-2: Strikes out swinging
|
|
Batting: SHB Mike Williams
|
0-0: Ground out 6-3 (Groundball, 6MS, EV 88.1 MPH)
|
|
Batting: LHB Rick Campbell
|
0-0: Ball 1-0: Foul Ball, location: 2F 1-1: Ball 2-1: Swinging Strike 2-2: DOUBLE (Line Drive, 7LS, EV 93.1 MPH)
|
|
Batting: SHB Orlando Torres
|
0-0: Called Strike 0-1: Ball 1-1: Fly out, F9 (Line Drive, 9S, EV 97.5 MPH)
|
| Top of the 4th over - 0 runs, 1 hit, 0 errors, 1 left on base; Biloxi 0 - Tennessee 1 |
| BOTTOM OF THE 4TH |
|
Tennessee Smokies batting - Pitching for Biloxi Shuckers : RHP Mark Hincks
|
|
Batting: RHB Armando Vilano
|
0-0: Called Strike 0-1: Foul Ball, location: 2F 0-2: Foul Ball, location: 2F 0-2: Ball 1-2: Fly out, F8 (Line Drive, 8RD, EV 88.1 MPH)
|
|
Batting: RHB Tim Long
|
0-0: Swinging Strike 0-1: Swinging Strike 0-2: Ball 1-2: Foul Ball, location: 2F 1-2: Strikes out swinging
|
|
Batting: RHB David Barnard
|
0-0: Ball 1-0: Foul Ball, location: 2F 1-1: Ball 2-1: Foul Ball, location: 2F 2-2: Foul Ball, location: 2F 2-2: Foul Ball, location: 2F 2-2: Strikes out swinging
|
| Bottom of the 4th over - 0 runs, 0 hits, 0 errors, 0 left on base; Biloxi 0 - Tennessee 1 |
| TOP OF THE 5TH |
|
Biloxi Shuckers batting - Pitching for Tennessee Smokies : RHP Mark Duffy
|
|
Batting: LHB Pablo Cardona
|
0-0: Ball 1-0: Fly out, F7 (Flyball, 7LM, EV 92.5 MPH)
|
|
Batting: RHB Ben Taylor
|
0-0: Foul Ball, location: 2F 0-1: Ball 1-1: Foul Ball, location: 2F 1-2: Ground out 1-3 (Groundball, 25, EV 72.5 MPH)
|
|
Batting: RHB Hector Silva
|
0-0: Ball 1-0: Ball 2-0: Ball 3-0: Called Strike 3-1: Foul Ball, location: 2F 3-2: Foul Ball, location: 2F 3-2: Base on Balls
|
|
Batting: RHB Brian Landrum
|
0-0: Ball 1-0: Called Strike 1-1: Called Strike Hector Silva is caught stealing 2nd base 2-4
|
| Top of the 5th over - 0 runs, 0 hits, 0 errors, 0 left on base; Biloxi 0 - Tennessee 1 |
| BOTTOM OF THE 5TH |
|
Tennessee Smokies batting - Pitching for Biloxi Shuckers : RHP Mark Hincks
|
|
Batting: RHB Sung-hwan Jung
|
0-0: Called Strike 0-1: Ball 1-1: Ball 2-1: Called Strike 2-2: Strikes out swinging
|
|
Batting: RHB Alvaro Romero
|
0-0: Called Strike 0-1: Called Strike 0-2: Foul Ball, location: 2F 0-2: Ball 1-2: Strikes out swinging
|
|
Batting: RHB Khalil Stephens
|
0-0: Called Strike 0-1: Ball 1-1: Ground out 3-1 (Groundball, 34, EV 86.9 MPH)
|
| Bottom of the 5th over - 0 runs, 0 hits, 0 errors, 0 left on base; Biloxi 0 - Tennessee 1 |
| TOP OF THE 6TH |
|
Biloxi Shuckers batting - Pitching for Tennessee Smokies : RHP Mark Duffy
|
|
Batting: RHB Brian Landrum
|
0-0: Called Strike 0-1: Ball 1-1: Ball 2-1: Ball 3-1: Swinging Strike 3-2: Strikes out swinging
|
|
Batting: RHB Cameron Rattenbury
|
0-0: SINGLE (Line Drive, 78M, EV 90.0 MPH)
|
|
Batting: RHB Nick Cummings
|
0-0: Called Strike 0-1: Ball 1-1: Ball 2-1: Called Strike Cameron Rattenbury steals 2nd base 2-2: Strikes out swinging
|
|
Batting: SHB Mike Williams
|
0-0: Foul Ball, location: 2F Pickoff Throw to Second - Error! E1 Cameron Rattenbury to third 0-1: Ball 1-1: Foul Ball, location: 2F 1-2: SINGLE (Line Drive, 34D, EV 98.1 MPH) Cameron Rattenbury scores
|
|
Batting: LHB Rick Campbell
|
0-0: Ball 1-0: Called Strike 1-1: Called Strike 1-2: Ball Mike Williams steals 2nd base 2-2: Ball 3-2: Strikes out swinging
|
| Top of the 6th over - 1 run, 2 hits, 1 error, 1 left on base; Biloxi 1 - Tennessee 1 |
| BOTTOM OF THE 6TH |
|
Tennessee Smokies batting - Pitching for Biloxi Shuckers : RHP Mark Hincks
|
|
Batting: RHB Sam Sours
|
0-0: Ball 1-0: Called Strike 1-1: Ground out 4-3 (Groundball, 4, EV 85.6 MPH)
|
|
Batting: RHB Brad Santanello
|
0-0: Ball 1-0: Foul Ball, location: 2F 1-1: Ball 2-1: SINGLE (Groundball, 6MD, EV 96.9 MPH)
|
|
Batting: LHB Angel Oropeza
|
0-0: Called Strike 0-1: Ball 1-1: Swinging Strike 1-2: Ball 2-2: Foul Ball, location: 2F 2-2: Ball 3-2: Base on Balls Brad Santanello to second
|
|
Pitching: LHP Matt Wojtkiewicz
|
|
|
Batting: RHB Armando Vilano
|
0-0: Ball 1-0: Fly out, F7 (Flyball, 7S, EV 91.9 MPH)
|
|
Batting: RHB Tim Long
|
0-0: Ball 1-0: Ball 2-0: TRIPLE (Flyball, 8RXD, EV 94.4 MPH) Brad Santanello scores Angel Oropeza scores
|
|
Batting: RHB David Barnard
|
0-0: Intentional Walk
|
|
Batting: RHB Sung-hwan Jung
|
0-0: Called Strike 0-1: Swinging Strike 0-2: Strikes out swinging
|
| Bottom of the 6th over - 2 runs, 2 hits, 0 errors, 2 left on base; Biloxi 1 - Tennessee 3 |
| TOP OF THE 7TH |
|
Biloxi Shuckers batting - Pitching for Tennessee Smokies : RHP Mark Duffy
|
|
Batting: SHB Orlando Torres
|
0-0: Ball 1-0: Ball 2-0: Ball 3-0: Called Strike 3-1: DOUBLE (Line Drive, 9LS, EV 93.8 MPH)
|
|
Batting: LHB Pablo Cardona
|
0-0: Ball 1-0: Ball 2-0: Ball 3-0: Base on Balls
|
|
Batting: RHB Ben Taylor
|
0-0: Sac Bunt to 13 - play at first, batter OUT! 1-3 Orlando Torres to third Pablo Cardona to second
|
|
Batting: RHB Hector Silva
|
0-0: Ball 1-0: Ball 2-0: Fly out, F8 (Flyball, 89S, EV 90.0 MPH)
|
|
Pitching: LHP Nate George
|
|
|
Batting: RHB Brian Landrum
|
0-0: Fly out, F4 (Popup, 3S, EV 78.1 MPH)
|
| Top of the 7th over - 0 runs, 1 hit, 0 errors, 2 left on base; Biloxi 1 - Tennessee 3 |
| BOTTOM OF THE 7TH |
|
Tennessee Smokies batting - Pitching for Biloxi Shuckers : LHP Matt Wojtkiewicz
|
|
Batting: RHB Alvaro Romero
|
0-0: Ball 1-0: Foul Ball, location: 2F 1-1: Ball 2-1: Ball 3-1: Base on Balls
|
|
Batting: RHB Khalil Stephens
|
0-0: Swinging Strike 0-1: Ball 1-1: Swinging Strike 1-2: Strikes out swinging
|
|
Batting: RHB Sam Sours
|
0-0: Called Strike 0-1: Fly out, F7 (Flyball, 7LS, EV 90.0 MPH)
|
|
Batting: RHB Brad Santanello
|
0-0: Called Strike 0-1: Ball 1-1: Swinging Strike 1-2: Ball 2-2: Fielders Choice at 2nd, 5-4 (Groundball, 5, EV 78.8 MPH)
|
| Bottom of the 7th over - 0 runs, 0 hits, 0 errors, 1 left on base; Biloxi 1 - Tennessee 3 |
| TOP OF THE 8TH |
|
Biloxi Shuckers batting - Pitching for Tennessee Smokies : LHP Nate George
|
|
Batting: RHB Cameron Rattenbury
|
0-0: Foul Ball, location: 2F 0-1: Ball 1-1: Ball 2-1: Foul Ball, location: 2F 2-2: Strikes out swinging
|
|
Batting: RHB Nick Cummings
|
0-0: Ball 1-0: Ball 2-0: Ball 3-0: Called Strike 3-1: Ground out 5-3 (Groundball, 5S, EV 84.4 MPH)
|
|
Batting: SHB Mike Williams
|
0-0: Ground out 6-3 (Groundball, 6M, EV 107.5 MPH)
|
| Top of the 8th over - 0 runs, 0 hits, 0 errors, 0 left on base; Biloxi 1 - Tennessee 3 |
| BOTTOM OF THE 8TH |
|
Tennessee Smokies batting - Pitching for Biloxi Shuckers : LHP Matt Wojtkiewicz
|
|
Pitching: RHP Aaron Saenz
|
|
|
Batting: LHB Angel Oropeza
|
0-0: Called Strike 0-1: Swinging Strike 0-2: Foul Ball, location: 2F 0-2: Ball 1-2: Foul Ball, location: 2F 1-2: Strikes out swinging
|
|
Batting: RHB Armando Vilano
|
0-0: Ball 1-0: Ball 2-0: Called Strike 2-1: Ball 3-1: Called Strike 3-2: SINGLE (Line Drive, 7LS, EV 113.1 MPH)
|
|
Batting: RHB Tim Long
|
0-0: Called Strike 0-1: Ball 1-1: Swinging Strike 1-2: Foul Ball, location: 2F 1-2: SINGLE (Groundball, 34, EV 81.2 MPH) (infield hit) Armando Vilano to second
|
|
Batting: RHB David Barnard
|
0-0: Grounds into double play, 3-6-3 (Groundball, 34, EV 97.5 MPH)
|
| Bottom of the 8th over - 0 runs, 2 hits, 0 errors, 1 left on base; Biloxi 1 - Tennessee 3 |
| TOP OF THE 9TH |
|
Biloxi Shuckers batting - Pitching for Tennessee Smokies : LHP Nate George
|
|
Pitching: RHP Jorge Mora
|
|
|
Now in LF: Jonathan Sotelo
|
|
|
Batting: LHB Rick Campbell
|
0-0: Ground out 6-3 (Groundball, P, EV 87.5 MPH)
|
|
Batting: SHB Orlando Torres
|
0-0: Foul Ball, location: 2F 0-1: Called Strike 0-2: Strikes out looking
|
|
Batting: LHB Pablo Cardona
|
0-0: Called Strike 0-1: Ball 1-1: Ball 2-1: Foul Ball, location: 2F 2-2: Ball 3-2: Foul Ball, location: 2F 3-2: Foul Ball, location: 2F 3-2: Fly out, F7 (Flyball, 7D, EV 90.0 MPH)
|
| Top of the 9th over - 0 runs, 0 hits, 0 errors, 0 left on base; Biloxi 1 - Tennessee 3 |
|